 Dungeon Crawl Stone Soup version 0.28-a0-60-g54b5640690 (webtiles) character file.

Game seed: 13923948460898042019

381 pkoi the Insei (level 6, -12/51 HPs)
             Began as a Draconian Monk on July 31, 2021.
             Mangled by an ogre (23 damage)
             ... on level 3 of the Dungeon.
             The game lasted 00:04:48 (3596 turns).

pkoi the Insei (Draconian Monk)                     Turns: 3596, Time: 00:04:48

Health: -12/51     AC:  6    Str: 13    XL:     6   Next: 46%
Magic:  6/6        EV: 12    Int: 13    God:
Gold:   124        SH:  0    Dex: 13    Spells: 5/5 levels left

rFire   . . .      SeeInvis .     - Unarmed
rCold   . . .      Faith    .   (no shield)
rNeg    . . .      Spirit   .   (armour unavailable)
rPois   .          Reflect  .   (helmet restricted)
rElec   .          Harm     .   (no cloak)
rCorr   .          Rampage  .   (no gloves)
Will    .....                   (no boots)
Stlth   ++........              (no amulet)
HPRegen 0.17/turn               (no ring)
MPRegen 0.10/turn               (no ring)

@: no status effects
A: AC +6, unfitting armour, cold-blooded
a: no special abilities


You were on level 3 of the Dungeon.
You visited 1 branch of the dungeon, and saw 4 of its levels.

You collected 124 gold pieces.

Inventory:

Hand Weapons
 k - a +0 dagger of speed
Missiles
 b - 22 poisoned darts (quivered)
Jewellery
 j - a ring of magical power
Wands
 i - a wand of paralysis (9)
Scrolls
 c - a scroll of brand weapon {unknown}
 d - a scroll of acquirement {unknown}
 e - a scroll of noise {unknown}
 f - 2 scrolls of blinking {unknown}
 g - a scroll of vulnerability {unknown}
 l - 3 scrolls of identify {unknown}
 m - a scroll of magic mapping {unknown}
Potions
 a - 3 potions of curing {unknown}
 h - a potion of flight {unknown}
 n - a potion of heal wounds {unknown}


   Skills:
 - Level 3.2 Fighting
 - Level 2.6 Dodging
 - Level 1.7 Stealth
 + Level 7.4 Unarmed Combat


You had 5 spell levels left.
You didn't know any spells.
Your spell library contained the following spells:

 Spells                   Type           Power      Damage    Failure   Level
 Summon Small Mammal      Summ           0%         N/A       30%         1
 Call Canine Familiar     Summ           0%         N/A       67%         3
 Summon Guardian Golem    Hex/Summ       0%         N/A       67%         3


Dungeon Overview and Level Annotations

Branches:
Dungeon (4/15)
 Temple: D:4-7

Altars:

Annotations:
D:4 Dowan, Duvessa


Innate Abilities, Weirdness & Mutations

Your plain brown scales are hard. (AC +6)
You cannot fit into any form of body armour.
You are cold-blooded and may be slowed by cold attacks.


Message History

No target in view!
(D) Dungeon
Where to? (Enter - D:4, ? - help)
There is a stone staircase leading down here.
You climb downwards.
Found a pink potion.
There is a stone staircase leading up here.
HP restored.
n - a pink potion Dowan, Brother of Duvessa comes into view.
He is wielding a +0 dagger.
Dowan is nearby!
An ogre comes into view. It is wielding a +0 giant club.
Duvessa, Sister of Dowan comes into view.
She is wielding a +0 short sword.
A kobold comes into view.
It is wielding a +1 short sword of freezing.
The ogre shouts!
Dowan shouts!
The kobold shouts!
You hear a shout! x3
Duvessa shouts!
You hear a shout! x2
Dowan gestures at you while chanting. You resist with some effort.
Dowan mumbles some strange words.
Dowan blinks!
Dowan mumbles some strange words.
Dowan blinks!
The ogre hits you with a +0 giant club!!
There is a stone staircase leading up, spattered with blood here.
You climb upwards.
There is a stone staircase leading down here.
You hit the ogre.
The ogre is lightly wounded.
The ogre barely misses you.
You hit the ogre.
The ogre is moderately wounded.
The ogre hits you with a +0 giant club!!
* * * LOW HITPOINT WARNING * * *
You barely miss the ogre.
You tail-slap the ogre, but do no damage.
The ogre is moderately wounded.
You hit the ogre but do no damage.
The ogre is moderately wounded.
The ogre hits you with a +0 giant club!!
You die...

#####################
###...................#
#.#.#################.#
#.#.# #############.####
#...#####@................
#.#....<#.O.#######.#.##.#
#.#.#####...# #.#.#...
#.#.# #...# #.#.#..# #.#.#
#...# #.#.#...
##.#.#####...#######.#.#...
#..........................
####.#################.#...
#.# ##.#.#.


You could see an ogre.

Vanquished Creatures
  An ogre (D:3)
  A hound (D:3)
  Jessica (D:2)
  A centaur skeleton (D:3)
  Natasha (twice) (D:3)
  An orc wizard (D:3)
  4 adders
  An adder skeleton (D:3)
  2 worms (D:2)
  2 dart slugs
  7 orcs (D:3)
  5 ball pythons
  3 endoplasms
  2 giant cockroaches
  6 goblins
  8 hobgoblins
  10 jackals
  5 kobolds
  4 quokkas
  2 ball python zombies (D:3)
  3 bats
  4 frilled lizards
  A jackal skeleton (D:3)
  3 quokka skeletons (D:3)
  3 rats (D:1)
82 creatures vanquished.

Notes
Turn   | Place    | Note
-------+----------+-------------------------------------------
     0 | D:1      | pkoi the Draconian Monk began the quest for the Orb.
     0 | D:1      | Reached XP level 1. HP: 19/19 MP: 1/1
    76 | D:1      | Reached XP level 2. HP: 22/26 MP: 2/2
   224 | D:1      | Found a faded altar of an unknown god.
   394 | D:1      | Reached skill level 4 in Unarmed Combat
   670 | D:1      | Reached XP level 3. HP: 28/31 MP: 3/3
  1508 | D:2      | Noticed Jessica
  1516 | D:2      | Killed Jessica
  1517 | D:2      | Reached skill level 5 in Unarmed Combat
  1517 | D:2      | Reached XP level 4. HP: 38/38 MP: 4/4
  2137 | D:3      | Noticed Natasha
  2149 | D:3      | Killed Natasha
  2446 | D:3      | Reached XP level 5. HP: 39/45 MP: 5/5
  2456 | D:3      | Reached skill level 6 in Unarmed Combat
  3274 | D:3      | Noticed an ogre
  3282 | D:3      | Killed an ogre
  3283 | D:3      | Reached skill level 7 in Unarmed Combat
  3283 | D:3      | Reached XP level 6. HP: 51/51 MP: 6/6
  3514 | D:3      | Noticed Natasha
  3523 | D:3      | Killed Natasha
  3577 | D:4      | Noticed Dowan
  3579 | D:4      | Noticed Duvessa
  3596 | D:3      | Mangled by an ogre

Illustrated notes

Levels and vault maps discovered:
D:1:      dpeg_arrival_simpleton_a, layout_basic,
          chequers_ecumenical_altar_simple, chequers_serial_rivers_small_b
D:2:      layout_rooms, uniq_jessica
D:3:      layout_basic, serial_undead, serial_undead_d, serial_undead_e,
          serial_undead_d, serial_undead_a, uniq_natasha
D:4:      layout_rooms, general_overflow_altar, minmay_temple_entry_ruins,
          minmay_ruptured, uniq_grinder, uniq_edmund, uniq_menkaure,
          uniq_sigmund, uniq_duvessa

Skill      XL: |  1  2  3  4  5 |
---------------+----------------+-----
Unarmed Combat | 4 5 7 |  7.4
Fighting       | |  3.2
Dodging        | |  2.6
Stealth        | |  1.7

Action                   |  1- 3 |  4- 6 || total
-------------------------+-------+-------++-------
Melee: Unarmed           |   109 |   153 ||   262
       Tailslap          |    13 |    25 ||    38
       Punch             |     1 |     2 ||     3
Throw: Dart              |     8 |       ||     8
 Stab: Sleeping          |     4 |     2 ||     6
       Distracted        |       |     1 ||     1
Armor: Skin              |    39 |    39 ||    78
Dodge: Dodged            |    81 |    91 ||   172

Table legend: (Time is in decaauts)
 A = Elapsed time spent in this place.
 B = Non-inter-level travel time spent in this place.
 C = Inter-level travel time spent in this place.
 D = Time resting spent in this place.
 E = Time spent auto-exploring this place.
 F = Levels seen in this place.
 G = Mean time per level.
                   A        B        C        D        E       F      G
               +--------+--------+--------+--------+--------+-----+--------+
         Total |   3579 |   3459 |    120 |    857 |   2089 |   4 |  894.8 |
       Dungeon |   3579 |   3459 |    120 |    857 |   2089 |   4 |  894.8 |
               +--------+--------+--------+--------+--------+-----+--------+

Top non-repeatable levels by time:
     D:3: 1429 daAuts
     D:1: 1275 daAuts
     D:2: 837 daAuts
     D:4: 37 daAuts
